 Dungeon Crawl Stone Soup version 0.19-a0-1697-g0595f0e (webtiles) character file.

131 GrosslyIncandescent the Insei (level 4, 0/35 HPs)
             Began as a Mummy Monk on Sept 26, 2016.
             Slain by an orc
             ... wielding a +0 dagger
              (3 damage)
             ... on level 2 of the Dungeon.
             The game lasted 00:02:48 (3011 turns).

GrosslyIncandescent the Insei (Mummy Monk)          Turns: 3011, Time: 00:02:49

Health: 0/35       AC:  2    Str: 14    XL:     4   Next: 91%
Magic:  4/4        EV: 13    Int:  9    God:
Gold:   137        SH:  0    Dex: 15    Spells: 0 memorised, 3 levels left

rFire  x . .     SeeInvis .       - Unarmed
rCold  + . .     Gourm    .     (no armour)
rNeg   + + +     Faith    .     (no shield)
rPois  ∞         Spirit   .     (no helmet)
rElec  .         Dismiss  .     (no cloak)
rCorr  .         Reflect  .     f - +0 pair of gloves
MR     .....     Harm     .     (no boots)
Stlth  ++........               (no amulet)
                                i - ring of positive energy
                                (no ring)

@: no status effects
A: no food or potions, fire vulnerability, cold resistance 1, negative energy
resistance 3, torment resistance, unbreathing
a: no special abilities


You were on level 2 of the Dungeon.
You were not hungry.

You visited 1 branch of the dungeon, and saw 3 of its levels.

You collected 137 gold pieces.


Innate Abilities, Weirdness & Mutations

You do not eat or drink.
Your flesh is vulnerable to fire.
You are immune to poison.
Your flesh is cold resistant. (rC+)
You are immune to negative energy. (rN+++)
You are immune to unholy pain and torment.
You can survive without breathing.


   Skills:
 - Level 3.0 Fighting
 - Level 2.4 Dodging
 - Level 1.5 Stealth
 + Level 4.7 Unarmed Combat


You had 3 spell levels left.
You didn't know any spells.

Inventory:

Armour
 f - a +0 pair of gloves (worn)
Jewellery
 i - a ring of positive energy (right hand)
Scrolls
 a - a scroll of remove curse {unknown}
 b - 2 scrolls of enchant weapon {unknown}
 c - a scroll of recharging {unknown}
 d - a scroll of amnesia {unknown}
 e - 3 scrolls of random uselessness {unknown}
 g - a scroll of noise {unknown}
 h - a scroll of fear {unknown}
 j - 2 scrolls of immolation {unknown}
 k - a scroll of teleportation {unknown}

Dungeon Overview and Level Annotations

Branches:
Dungeon (3/15)

Altars:

▒▒▒▒▒▒ ▒....▒▒▒▒▒▒▒
▒.▒▒.▒...(.▒
▒▒▒▒▒▒▒▒†▒▒.▒▒.▒▒o▒
................M[▒
▒...<▒.▒.▒.....▒..▒
▒▒▒▒▒▒.▒.▒▒▒▒▒▒▒..▒
.......▒.......▒..▒
▒▒▒▒▒▒▒▒▒▒▒▒▒▒.▒..▒
▒.▒[.▒▒▒▒▒▒▒▒▒
▒.▒.>.......<▒
▒.▒.▒▒▒▒▒▒▒▒▒▒
▒...▒


You could see an orc.


Message History

The orc is heavily wounded!
The orc hits you with a war axe! The orc hits you with a flail!
The orc hits you but does no damage!
You pulverise the orc!
The orc is severely wounded!
The orc hits you with a war axe!
The orc hits you with a flail! * * * don't die
* * * The orc closely misses you!
The orc misses you! The orc barely misses you!
There is a stone staircase leading up here!
The orc hits you with a war axe!!! * * * don't die
* * * The orc hits you but does no damage!
You swing at nothing!
The orc misses you!
There is a stone staircase leading up here!
The orc hits you with a dagger! * * * don't die
* * * You climb upwards!
There is a stone staircase leading down here!
You pummel the orc but do no damage!
The orc is severely wounded!
The orc closely misses you!
You beat the orc into a bloody pulp!
The orc is almost dead!
The orc barely misses you!
You closely miss the orc!
The orc is almost dead!
The orc hits you with a dagger! rip

Action                   |  1- 3 |  4- 6 || total
-------------------------+-------+-------++-------
Melee: Unarmed           |   169 |   103 ||   272
       Punch             |     1 |     1 ||     2
 Stab: Sleeping          |     3 |       ||     3
Armor: Skin              |    14 |    14 ||    28
Dodge: Dodged            |    95 |    45 ||   140

Vault maps used:
D:1:      dpeg_arrival_lava_temple_mockup
D:2:      first_bread, minmay_tall_x
D:3:      uniq_natasha

Notes
Turn   | Place    | Note
-------+----------+-------------------------------------------
     0 | D:1      | GrosslyIncandescent the Mummy Monk began the quest for the Orb.
     0 | D:1      | Reached XP level 1. HP: 18/18 MP: 1/1
   389 | D:1      | Reached XP level 2. HP: 19/24 MP: 2/2
   403 | D:1      | Reached skill level 3 in Unarmed Combat
   411 | D:1      | HP: 2/24 [kobold/club (1)]
   417 | D:1      | HP: 1/24 [kobold/club (2)]
   661 | D:1      | HP: 2/24 [kobold/short sword (6)]
  1170 | D:1      | Reached XP level 3. HP: 21/29 MP: 3/3
  1835 | D:2      | Reached skill level 4 in Unarmed Combat
  1835 | D:2      | Reached XP level 4. HP: 18/35 MP: 4/4
  3007 | D:3      | HP: 3/35 [orc/dagger (4)]
  3011 | D:2      | Slain by an orc

Vanquished Creatures
  An orc wizard (D:2)
  3 adders (D:2)
  A worm (D:2)
  2 dart slugs
  A leopard gecko (D:1)
  3 ball pythons (D:2)
  4 bats
  2 giant cockroaches
  9 goblins
  10 hobgoblins
  4 jackals
  5 frilled lizards
  10 kobolds
  9 rats
64 creatures vanquished.
